 Dungeon Crawl Stone Soup version 0.27-a0-1278-g6cbc8dfb29 (webtiles) character file.

Game seed: 14343095109117778839

2836 pokeman the Thaumaturge (level 9, -6/48 HPs)
             Began as a Deep Elf Hedge Wizard on June 12, 2021.
             Mangled by an ice beast (13 damage)
             ... on level 7 of the Dungeon.
             The game lasted 00:21:53 (8720 turns).

pokeman the Thaumaturge (Deep Elf Hedge Wizard)     Turns: 8720, Time: 00:21:54

Health: -6/48      AC:  9    Str:  7    XL:     9   Next: 45%
Magic:  18/26      EV: 12    Int: 26    God:
Gold:   320        SH:  0    Dex: 14    Spells: 19/30 levels left

rFire    . . .     SeeInvis .   q - +5 war axe "Xamiqi" {flame, Int+3 Stlth+}
rCold    . . .     Faith    .   (no shield)
rNeg     . . .     Spirit   .   p - +0 leather armour
rPois    .         Reflect  .   o - +0 helmet
rElec    .         Harm     .   (no cloak)
rCorr    .         Rampage  .   w - +0 pair of gloves
Will     .....                  (no boots)
Stlth    +++.......             (no amulet)
HPRegen  0.16/turn              c - +4 ring of protection
MPRegen  0.20/turn              (no ring)

@: no status effects
A: no striking features
a: no special abilities


You were on level 7 of the Dungeon.
You visited 2 branches of the dungeon, and saw 8 of its levels.
You also visited: Ossuary.

You collected 320 gold pieces.

Inventory:

Hand Weapons
 q - the +5 war axe "Xamiqi" (weapon) {flame, Int+3 Stlth+}
   (You took it off a hobgoblin on level 4 of the Dungeon)

   It has been specially enchanted to burn those struck by it, causing extra
   injury to most foes and up to half again as much damage against particularly
   susceptible opponents.
   Big, fiery blades are also staple armaments of hydra-hunters.
   It affects your intelligence (+3).
   It makes you more stealthy.
Missiles
 m - 42 bolts
Armour
 o - a +0 helmet (worn)
 p - a +0 leather armour (worn)
 t - a +2 robe of fire resistance
 w - a +0 pair of gloves (worn)
Jewellery
 c - a +4 ring of protection (left hand)
Wands
 l - a wand of flame (44)
 x - a wand of polymorph (10)
Scrolls
 a - a scroll of silence {unknown}
 g - 11 scrolls of teleportation {unknown}
 h - 9 scrolls of identify {unknown}
 i - 2 scrolls of noise {unknown}
 j - 3 scrolls of enchant weapon {unknown}
 y - a scroll of summoning {unknown}
 B - a scroll of amnesia {unknown}
Potions
 b - 2 potions of brilliance {unknown}
 d - 5 potions of mutation {unknown}
 e - 4 potions of degeneration {unknown}
 f - 5 potions of curing
 k - 3 potions of heal wounds {unknown}
 n - 2 potions of lignification {unknown}
 r - a potion of cancellation {unknown}
 s - 2 potions of attraction {unknown}
 u - 2 potions of berserk rage {unknown}
 v - 2 potions of ambrosia {unknown}
 z - 3 potions of might {unknown}
 A - 2 potions of flight {unknown}


   Skills:
 + Level 2.2 Fighting
 - Level 3.0 Armour
 - Level 4.0 Dodging
 - Level 4.1 Stealth
 * Level 11.4 Spellcasting
 + Level 6.3 Conjurations
 - Level 1.1 Summonings
 - Level 1.1 Translocations
 + Level 4.8 Fire Magic
 - Level 1.3 Air Magic
 - Level 1.0 Poison Magic
 - Level 2.1 Evocations


You had 19 spell levels left.
You knew the following spells:

 Your Spells              Type           Power      Damage    Failure   Level
a - Magic Dart            Conj           100%       1d8       1%          1
b - Mephitic Cloud        Conj/Pois/Air  29%        N/A       5%          3
c - Call Imp              Summ           20%        N/A       5%          2
d - Blink                 Tloc           N/A        N/A       5%          2
e - Conjure Flame         Conj/Fire      43%        6-21      1%          3

Your spell library contained the following spells:

 Spells                   Type           Power      Damage    Failure   Level
 Summon Small Mammal      Summ           80%        N/A       3%          1
 Slow                     Hex            14%        N/A       9%          2
 Call Canine Familiar     Summ           20%        N/A       11%         3
 Summon Guardian Golem    Hex/Summ       17%        N/A       14%         3
 Summon Lightning Spire   Summ/Air       21%        N/A       34%         4
 Summon Ice Beast         Ice/Summ       17%        N/A       43%         4
 Summon Forest            Summ/Tloc      10%        N/A       71%         5
 Summon Mana Viper        Hex/Summ       17%        N/A       78%         5
 Shadow Creatures         Summ           N/A        N/A       99%         6
 Summon Hydra             Summ           10%        N/A       100%        7


Dungeon Overview and Level Annotations

Branches:
Dungeon (7/15)             Temple (1/1) D:4         Ossuary (visited)

Altars:
Ashenzari
Cheibriados
Dithmenos
Elyvilon
Fedhas
Gozag
Kikubaaqudgha
Makhleb
Nemelex Xobeh
Okawaru
Sif Muna
Trog
Uskayaw
Wu Jian
Xom
Yredelemnul
Zin
The Shining One

Shops:
D:2 =


Message History

Confirm with . or Enter, or press ? or * to list all spells.
You blink.
The orc hits you with a +0 war axe!
* * * LOW HITPOINT WARNING * * *
Something hits you but does no damage. The orc warrior closely misses you.
Unknown command.
The orc hits you with a +0 war axe.
* * * LOW HITPOINT WARNING * * *
The orc misses you.
Casting: Blink (safe; 5% risk of failure)
Confirm with . or Enter, or press ? or * to list all spells.
Aiming: Mephitic Cloud (dangerous; 5% risk of failure)
Press: ? - help, Shift-Dir - straight line, f - orc warrior
Aim: an orc warrior, wielding a +0 halberd and wearing a +0 chain mail (chance to affect: 81%)
Okay, then.
Unknown command.
Casting: Mephitic Cloud (dangerous; 5% risk of failure)
Confirm with . or Enter, or press ? or * to list all spells.
You blink.
The orc wizard points at you and mumbles some strange words.
You are confused.
Unknown command.
You feel better.
The orc wizard gestures at you while chanting.
The magic dart hits you.
* * * LOW HITPOINT WARNING * * *
You are confused.
Unknown command.
You feel better.
The orc wizard gestures at you while chanting.
The magic dart hits you.
The orc warrior hits you but does no damage.
The orc wizard casts a spell at you. The puff of flame hits you!
* * * LOW HITPOINT WARNING * * *
Your magical contamination has completely faded away.
The orc wizard mumbles some strange words.
The orc wizard flickers and vanishes!
The ice beast hits you.
* * * LOW HITPOINT WARNING * * *
The ice beast freezes you!
You die...

## #... #. #... ##.
#... ###..## #..#
#.....# ##oo. #.#
#.######.o.#
#####.###...##.o....
##...#........OY.....
##...@....###...o.....
#....Y....#.#.........
#.......###.###.......
#....oo.#ยง....#.##.###
##......###n###.##.# $
##....o..#O#...##.. .
####....#'#...#....
#...${O......#
######........


You could see an orc warrior, an ice beast, an orc wizard and an orc.

Vanquished Creatures
  Grinder (D:4)
  Sigmund (D:2)
  A steam dragon (D:6)
  Duvessa (D:4)
  2 sky beasts (D:6)
  A black bear (D:6)
  A necrophage (D:4)
  An ogre (D:5)
  A phantom (D:4)
  A kobold brigand (D:4)
  Blork the orc (D:4)
  A water moccasin zombie (D:4)
  Dowan (D:4)
  2 scorpions
  4 killer bees (D:7)
  2 howler monkeys
  2 bullfrog zombies
  2 hounds
  3 human zombies (Ossuary)
  3 jellies
  4 orc priests
  2 iguanas
  An iron imp (D:6)
  Jessica (D:3)
  Natasha (thrice) (D:2)
  6 orc wizards
  A scorpion zombie (D:5)
  A hound zombie (Ossuary)
  4 mummies (Ossuary)
  A howler monkey zombie (D:6)
  8 adders
  A howler monkey skeleton (D:4)
  A white imp (D:6)
  2 ufetubi
  An adder skeleton (D:4)
  3 adder zombies (Ossuary)
  5 worms
  4 dart slugs
  29 orcs
  7 ball pythons
  6 endoplasms
  5 giant cockroaches
  5 hobgoblins
  8 jackals
  6 kobolds
  9 quokkas
  A bat (D:3)
  4 frilled lizards
  A gnoll zombie (Ossuary)
  11 goblins
  A goblin skeleton (D:6)
  A goblin zombie (Ossuary)
  6 hobgoblin zombies
  A jackal zombie (Ossuary)
  3 orc zombies (D:6)
  2 rats
187 creatures vanquished.

Vanquished Creatures (collateral kills)
  An orc priest (D:3)
  3 jackals (D:2)
4 creatures vanquished.

Grand Total: 191 creatures vanquished

Notes
Turn   | Place    | Note
-------+----------+-------------------------------------------
     0 | D:1      | pokeman the Deep Elf Hedge Wizard began the quest for the
                  | Orb.
     0 | D:1      | Reached XP level 1. HP: 10/10 MP: 7/7
   390 | D:1      | Reached XP level 2. HP: 4/15 MP: 0/9
  1069 | D:1      | Reached skill level 5 in Spellcasting
  1454 | D:1      | Found a faded altar of an unknown god.
  1780 | D:2      | Reached XP level 3. HP: 20/20 MP: 7/11
  1784 | D:2      | Learned a level 3 spell: Mephitic Cloud
  1787 | D:2      | Learned a level 2 spell: Call Imp
  1790 | D:2      | Learned a level 2 spell: Blink
  1794 | D:2      | Learned a level 3 spell: Conjure Flame
  1916 | D:2      | Noticed Natasha
  1924 | D:2      | Killed Natasha
  1925 | D:2      | Reached skill level 1 in Fighting
  1925 | D:2      | Reached skill level 1 in Armour
  2104 | D:2      | Reached XP level 4. HP: 25/25 MP: 8/13
  2154 | D:2      | Found Ysmodd's Jewellery Emporium.
  2286 | D:2      | Noticed Natasha
  2299 | D:2      | Killed Natasha
  2599 | D:2      | Noticed Natasha
  2603 | D:2      | Killed Natasha
  2604 | D:2      | Reached skill level 1 in Fire Magic
  2740 | D:2      | Noticed Sigmund
  2751 | D:2      | Killed Sigmund
  2752 | D:2      | Reached skill level 6 in Spellcasting
  2752 | D:2      | Reached skill level 1 in Air Magic
  2752 | D:2      | Reached XP level 5. HP: 11/29 MP: 8/16
  2752 | D:2      | Reached XP level 6. HP: 13/34 MP: 8/17
  3357 | D:3      | Noticed Jessica
  3361 | D:3      | Killed Jessica
  3642 | D:3      | Reached skill level 7 in Spellcasting
  3767 | D:3      | Found an ancient bone altar of Kikubaaqudgha.
  4068 | D:3      | Reached skill level 1 in Poison Magic
  4591 | D:4      | Reached skill level 1 in Evocations
  4616 | D:4      | Reached XP level 7. HP: 36/38 MP: 11/20
  4819 | D:4      | Noticed Blork the orc
  4828 | D:4      | Killed Blork the orc
  4828 | D:4      | Identified the +5 war axe "Xamiqi" {flame, Int+3 Stlth+}
  4994 | D:4      | Reached skill level 8 in Spellcasting
  5423 | D:4      | Noticed Duvessa
  5424 | D:4      | Noticed Dowan
  5436 | D:4      | Killed Duvessa
  5437 | D:4      | Reached skill level 9 in Spellcasting
  5437 | D:4      | Reached XP level 8. HP: 43/43 MP: 17/23
  5444 | D:4      | Killed Dowan
  5526 | D:4      | Found the +10 Black Knight's barding {ponderous, rPois rN+}
  5802 | D:4      | Found a staircase to the Ecumenical Temple.
  5810 | Temple   | Entered the Ecumenical Temple
  6028 | D:4      | Noticed Grinder
  6040 | D:4      | Paralysed by Grinder for 3 turns
  6045 | D:4      | Killed Grinder
  6102 | D:5      | Entered Level 5 of the Dungeon
  6122 | D:5      | Reached skill level 5 in Conjurations
  6303 | D:5      | Reached skill level 10 in Spellcasting
  7004 | D:6      | Found a glowing golden altar of the Shining One.
  7137 | D:6      | Reached XP level 9. HP: 48/48 MP: 25/25
  7353 | D:6      | Found an opulent altar of Gozag.
  7655 | D:6      | Reached skill level 11 in Spellcasting
  8193 | D:7      | Found a sand-covered staircase.
  8198 | Ossuary  | Entered an ossuary
  8720 | D:7      | Mangled by an ice beast

Illustrated notes

Levels and vault maps discovered:
D:1:      dpeg_arrival_oval, layout_basic,
          hellmonk_ecumenical_altar_heavens_door
D:2:      layout_loops_corners, serial_shops, shop_fountains, uniq_natasha,
          uniq_sigmund
D:3:      cheibrodos_pilgrimage, layout_rooms, lemuel_doored_altar,
          chequers_serial_rivers_small_3, kennysheep_generic_room_13,
          uniq_jessica
D:4:      layout_basic, minmay_temple_entry_trees, minmay_divided_ellipse,
          uniq_grinder, uniq_blork_the_orc, uniq_duvessa
D:5:      layout_cave_pools
D:6:      layout_gridville, nicolae_gozag_seed_capital,
          nicolae_tso_besieged_by_evil
D:7:      layout_rooms, nicolae_ossuary_entry_plus
Temple:   regret_index_temple_waves

Skill      XL: |  1  2  3  4  5  6  7  8  9 |
---------------+----------------------------+-----
Spellcasting   | 5 6 7 9 10 11 | 11.4
Fighting       | 1 2 |  2.2
Armour         | 1 2 3 |  3.0
Conjurations   | 2 3 4 5 6 |  6.3
Fire Magic     | 1 2 3 4 |  4.8
Dodging        | 3 4 |  4.0
Air Magic      | 1 |  1.3
Poison Magic   | 1 |  1.0
Evocations     | 1 2 |  2.1
Stealth        | 4 |  4.1
Summonings     | |  1.1
Translocations | |  1.1

Action                   |  1- 3 |  4- 6 |  7- 9 || total
-------------------------+-------+-------+-------++-------
Melee: Dagger            |     2 |    35 |     1 ||    38
       War axe           |       |       |    70 ||    70
 Cast: Magic Dart        |    90 |   124 |   258 ||   472
       Mephitic Cloud    |     1 |     7 |    16 ||    24
       Call Imp          |       |     3 |     3 ||     6
       Conjure Flame     |       |     2 |    13 ||    15
       Blink             |       |       |     4 ||     4
  Use: Potion            |       |       |     3 ||     3
 Stab: Confused          |       |     5 |     3 ||     8
Armor: Robe              |     1 |     1 |       ||     2
       Leather armour    |       |     9 |    69 ||    78
Dodge: Dodged            |     2 |    24 |    85 ||   111

Table legend: (Time is in decaauts)
 A = Elapsed time spent in this place.
 B = Non-inter-level travel time spent in this place.
 C = Inter-level travel time spent in this place.
 D = Time resting spent in this place.
 E = Time spent auto-exploring this place.
 F = Levels seen in this place.
 G = Mean time per level.
                   A        B        C        D        E       F      G
               +--------+--------+--------+--------+--------+-----+--------+
         Total |   8762 |   8467 |    295 |    214 |   7069 |   9 |  973.6 |
       Dungeon |   8112 |   7820 |    292 |      9 |   6705 |   7 | 1158.9 |
        Temple |    138 |    135 |      3 |      0 |    133 |   1 |  138.0 |
       Ossuary |    512 |    512 |      0 |    205 |    231 |   1 |  512.0 |
               +--------+--------+--------+--------+--------+-----+--------+

Top non-repeatable levels by time:
     D:2: 1682 daAuts
     D:1: 1674 daAuts
     D:4: 1396 daAuts
     D:3: 1227 daAuts
     D:6: 1226 daAuts
     D:5: 842 daAuts
 Ossuary: 512 daAuts
  Temple: 138 daAuts
     D:7: 62 daAuts
